← All builds
Front / Cortex / Economy first / OBSERVED BUILD

Standard front

Cortex Front build order · Supreme Isthmus

Standard economy-first Front play: Bot Lab immediately, Advanced Metal Extractor around 9:23, then a mixed Thug/Grunt/Aggravator army sent up to defend the wider gap and move to middle as a line.

#eco #team support · 503 distinct matches · 153 players · 65% of Cortex Front games · team won 51% of 520 · Recently observed

HOW TO PLAY IT

Key timing: Bot Lab by 0:40

  1. Open 2 mex into early Bot Lab.
  2. Finish Bot Lab and start Thug, Grunt, Aggravator mix.
  3. Send first units to coast to stop leaks, not straight to mid.
  4. Transition into Advanced Metal Extractor as eco scales.
  5. Move units up as a line toward middle to hold the wider gap.

Phase by phase

TYPICAL OF ITS 503 GAMES
  1. 1
  2. 2
  3. 3
PLAY THE OPENING

Follow the example game's first 6:00 step by step: what to build now, what comes next, and where it goes. At 1× it keeps pace with your own game.

  1. 1

    Up to the Bot Lab

    Economy
    • Metal Extractor2Mex
    Order
    1. Bot LabBot Lab after 2 mexdone ~0:40, middle half 0:34–0:46

    Some games also: wind (39%)

    By 0:23 in all: 2 mex

    The example game in this phase · 3 steps
    1. Mex ×2
    2. Wind
    3. Bot LabBot Labdone 0:41 · typical 0:40
  2. 2

    Bot Lab to 5:00

    Economy
    • Metal Extractor4Mex
    • Wind Turbine4Wind
    Builders
    • Construction Bot3 Con bot
    • Graverobber2 Graverobber
    Army
    • Guard2 Guard
    • Thug9 Thug
    • Aggravator5 Aggravator
    • Grunt4 Grunt

    Some games also: con turret (46%) · Radar Tower (35%)

    By 5:00 in all: 6 mex · 5 wind

    The example game in this phase · 32 steps
    1. GruntGrunt ×2
    2. Mex
    3. GruntGrunt
    4. GraverobberGraverobber
    5. Mex
    6. Construction BotCon bot
    7. Mex
    8. Construction BotCon bot
    9. Radar TowerRadar Tower
    10. ThugThug
    11. GuardGuard
    12. ThugThug
    13. Mex
    14. ThugThug ×2
    15. Solar
    16. ThugThug
    17. Solar
    18. AggravatorAggravator
    19. GuardGuard
    20. Con turret
    21. AggravatorAggravator
    22. Con turret
    23. AggravatorAggravator ×2
    24. WardenWarden
    25. GraverobberGraverobber
    26. Wind
    27. GraverobberGraverobber
    28. Wind
    29. GraverobberGraverobber
    30. ThugThug
    31. Construction BotCon bot
    32. ThugThug
  3. 3

    5:00 to 10:00

    Economy
    • Metal Extractor1Mex
    • Wind Turbine17Wind
    Builders
    • Construction Turret2 Con turret
    • Graverobber2 Graverobber
    • Construction Bot1 Con bot
    Army
    • Guard1 Guard
    • Grunt7 Grunt
    • Thug5 Thug
    • Aggravator1 Aggravator

    Some games also: Radar Tower (44%) · converter (36%) · energy storage (36%) · Twin Guard (33%) · eat Bot Lab (37%)

    By 10:00 in all: 7 mex · 24 wind · 3 con turret

    The example game in this phase · 45 steps
    1. ThugThug
    2. Energy storage
    3. ThugThug ×2
    4. WardenWarden
    5. Advanced solarfor Suicide front
    6. ThugThug ×2
    7. Advanced solarfor Suicide front
    8. ThugThug ×2
    9. BeholderBeholder
    10. Advanced solar
    11. ThugThug
    12. BeholderBeholder
    13. ThugThug
    14. Advanced solar
    15. ThugThug ×2
    16. Advanced solar
    17. ThugThug ×2
    18. Advanced solar
    19. ThugThug ×2
    20. Con turret
    21. ThugThug ×5
    22. Radar TowerRadar Tower
    23. ThugThug ×4
    24. Mex
    25. ThugThug
    26. GraverobberGraverobber ×3
    27. Dragon's TeethDragon's Teeth ×5
    28. ThugThug ×6
    29. Advanced Metal ExtractorT2 mexdone 12:09 · typical 9:27
    30. ThugThug
    31. GruntGrunt
    32. Twin GuardTwin Guard
    33. GruntGrunt
    34. Advanced Metal ExtractorT2 mex
    35. GruntGrunt ×4
    36. Advanced Metal ExtractorT2 mex
    37. GruntGrunt
    38. Twin GuardTwin Guard
    39. GruntGrunt ×14
    40. GuardGuard
    41. GruntGrunt ×5
    42. GuardGuard
    43. GruntGrunt ×10
    44. Pit BullPit Bull
    45. GruntGrunt ×2

Counts are medians over the build's games: half of them build more, half fewer. The example game is Deathkebab's (35 OS, 15/10/2026); pick another.

Team trades

IN AT LEAST 30% OF ITS GAMES

You hand over

Nothing regular.

You get

  • Tidal Generator4 Tidal from Pondfirst at 0:16 · in 64% of games
  • Advanced Construction Bot1 T2 con bot from Geo or Techfirst at 7:52 · in 62% of games

How it plays out

Typical game of this build, running totals by minute

Metal produced

010k20k30k
0:005:0010:0015:00

metal

Enemy metal destroyed

05k10k
0:005:0010:0015:00

metal

Own metal lost

05k10k
0:005:0010:0015:00

metal

520 games.

Show as table
ByMetal produced: This buildEnemy metal destroyed: This buildOwn metal lost: This build
1:0033100
2:0085700
3:00163710886
4:002721389337
5:003870942840
6:00512616061537
7:00643124362428
8:00779332003343
9:00926239104314
10:001093447155089
11:001274553326006
12:001467758696890
13:001695963867624
14:001917070268587
15:002086576749398
WHAT THE NUMBERS SAY

Standard front play wins less than half its games, with losses slightly outpacing kills through the first 15 minutes.

  • + Kills reach 7200 by 15:00 despite the safer starting position.
  • + T2 constructor reached in 85% of games, solid tech follow-through.
  • − Team wins under half of games (45%), the weakest shown here.
  • − Own metal lost (9484) exceeds enemy metal destroyed (7200) by 15:00.
THE EXAMPLE YOU ARE READING

Deathkebab

34.9 OS · 15/10/2026

Open source match ↗

6 received units · includes a constructor
1611 metal received · 20087 energy received

Allied construction assistance is unknown. Timings are observations, not a promise of solo reproducibility.

Typical milestones

Bot Lab0:40Middle 50%: 0:34–0:46 · n=507
Advanced Metal Extractor9:27Middle 50%: 8:20–10:46 · n=378

Played most by

iLike2Eco33games of this buildSauceDispenser28games of this buildTheGeneraI27games of this buildwatermeloans19games of this buildUncle_Cane15games of this build